 Dungeon Crawl Stone Soup version 0.31-a0-366-ga77b45bd9b (webtiles) character file.

Game seed: 12982779931768015319

83 AdnanSaban the Shield-Bearer (level 4, -1/29 HPs)
             Began as a Gargoyle Fighter on July 28, 2023.
             Slain by a gnoll
             ... wielding a +0 flail
              (6 damage)
             ... on level 2 of the Dungeon.
             The game lasted 00:00:56 (1275 turns).

AdnanSaban the Shield-Bearer (Gargoyle Fighter)     Turns: 1275, Time: 00:00:57

Health: -1/29      AC: 10    Str: 22    XL:     4   Next: 44%
Magic:  4/4        EV:  9    Int:  8    God:
Gold:   119        SH:  4    Dex:  9    Spells: 3/3 levels left

rFire   . . .        a - +0 flail
rCold   . . .        c - +0 buckler
rNeg    + . .        b - +0 scale mail
rPois   ∞            (no helmet)
rElec   +            (no cloak)
rCorr   .            (no gloves)
SInv    .            (no boots)
Will    .....        (no amulet) Stlth
                     (no ring)
HPRegen 0.24/turn    (no ring)
MPRegen 0.09/turn

%: no passive effects
@: no status effects
A: sickness immunity, AC +3, negative energy resistance 1, electricity
resistance, torment resistance 1, petrification resistance
a: no special abilities


You were on level 2 of the Dungeon.
You visited 1 branch of the dungeon, and saw 2 of its levels.

You collected 119 gold pieces.

Inventory:

Hand Weapons
 a - a +0 flail (weapon)
Armour
 b - a +0 scale mail (worn)
 c - a +0 buckler (worn)
Jewellery
 e - a ring of protection from fire
Wands
 k - a wand of flame (29)
Scrolls
 g - a scroll of enchant weapon {unknown}
 i - a scroll of identify {unknown}
 j - a scroll of fear {unknown}
 l - 2 scrolls of teleportation {unknown}
 m - a scroll of torment {unknown}
Potions
 d - a potion of might
 f - 2 potions of curing {unknown}
 h - a potion of attraction {unknown}


   Skills:
 + Level 3.8 Fighting
 + Level 2.9 Maces & Flails
 + Level 3.9 Armour
 + Level 0.5 Dodging
 + Level 3.9 Shields


You had 3 spell levels left.
You didn't know any spells.
Your spell library was empty.

Dungeon Overview and Level Annotations

Branches:
Dungeon (2/15)

Altars:


Innate Abilities, Weirdness & Mutations

You are immune to sickness and miasma.
Your stone body is resilient. (AC +3)
You are immune to poison.
You resist negative energy. (rN+)
You are resistant to electric shocks. (rElec)
You are resistant to unholy torment.
You are immune to petrification.


Message History

The gnoll is almost dead.
The gnoll hits you but does no damage.
The gnoll hits you from afar with a +0 spear.
The rat twitches its whiskers.
You closely miss the gnoll.
The gnoll is severely wounded.
You block the gnoll's attack. The gnoll hits you but does no damage.
You closely miss the gnoll.
The gnoll is severely wounded.
You block the gnoll's attack.
The gnoll hits you from afar with a +0 spear.
You barely miss the gnoll.
The gnoll is severely wounded.
The gnoll hits you with a +0 spear!
* * * LOW HITPOINT WARNING * * *
You block the gnoll's attack. The gnoll hits you with a +0 spear.
* * * LOW HITPOINT WARNING * * *
The gnoll barely misses you.
You thump the gnoll!
You kill the gnoll!
The gnoll hits you but does no damage.
Found a hand axe.
The gnoll hits you but does no damage.
Things that are here:
a +0 spear; a gnoll corpse You closely miss the gnoll.
You block the gnoll's attack.
You hit the gnoll but do no damage. You block the gnoll's attack.
The gnoll closely misses you.
You thump the gnoll!
The gnoll is severely wounded.
You block the gnoll's attack.
You hit the gnoll.
You kill the gnoll!
You sock the gnoll!
The gnoll is severely wounded.
The gnoll barely misses you. The gnoll hits you with a +0 flail.
* * * LOW HITPOINT WARNING * * *
You hit the gnoll.
The gnoll is almost dead.
The gnoll hits you with a +0 flail.
You die...

#. #. #.#######
# #.....).# #
#.......### ##
#.........#
#######.
###.......#.#
#.......
###.#......##.#
###.#####.
#...#.[...##♣@♣
#...####..
#...#.....# ♣g♣
####...##....
#.......## .r)
#...........#
#.##...## ♣...♣
###........##
#.##..## .....
#....######
#.##### ♣)..♣.♣
##....##### #.#
### ..♣....
#......... #.#
#.# ........)
##.####†... #.#
#.# #.....).##.


You could see a gnoll and a rat.

Vanquished Creatures
  3 gnolls
  2 adders (D:2)
  3 dart slugs
  2 ball pythons
  6 bats
  An endoplasm (D:2)
  2 giant cockroaches
  3 hobgoblins
  4 jackals (D:1)
  2 frilled lizards (D:1)
  2 kobolds
  2 rats
  A spectral goblin (D:1)
33 creatures vanquished.

Notes
Turn   | Place    | Note
-------+----------+-------------------------------------------
     0 | D:1      | AdnanSaban the Gargoyle Fighter began the quest for the
                  | Orb.
     0 | D:1      | Reached XP level 1. HP: 14/14 MP: 1/1
   121 | D:1      | Reached XP level 2. HP: 19/19 MP: 2/2
   171 | D:1      | Found a faded altar of an unknown god.
   301 | D:1      | Reached XP level 3. HP: 20/23 MP: 3/3
  1095 | D:2      | Reached XP level 4. HP: 29/29 MP: 4/4
  1275 | D:2      | Slain by a gnoll

Illustrated notes

Levels and vault maps discovered:
D:1:      giann_wishing_wells, layout_loops_cross,
          dreamdust_ecumenical_altar_drowned_temple, serial_forest,
          infiniplex_forest_zigzag_1, infiniplex_forest_end_3,
          infiniplex_forest_clump_tiny, infiniplex_forest_straight_4,
          infiniplex_forest_clump_C
D:2:      layout_rooms, minmay_misc_feat_chi, pf_guarded_unrand_woodcutter,
          uniq_crazy_yiuf_cottage

Action                     |  1- 3 |  4- 6 || total
---------------------------+-------+-------++-------
  Melee: Flail             |    92 |    16 ||   108
 Armour: Scale mail        |    52 |     8 ||    60
  Dodge: Dodged            |    51 |     6 ||    57
  Block: Buckler           |    18 |     8 ||    26

Table legend: (Time is in decaauts)
 A = Elapsed time spent in this place.
 B = Non-inter-level travel time spent in this place.
 C = Inter-level travel time spent in this place.
 D = Time resting spent in this place.
 E = Time spent auto-exploring this place.
 F = Levels seen in this place.
 G = Mean time per level.
                   A        B        C        D        E       F      G
               +--------+--------+--------+--------+--------+-----+--------+
         Total |   1314 |   1283 |     31 |      0 |   1031 |   2 |  657.0 |
       Dungeon |   1314 |   1283 |     31 |      0 |   1031 |   2 |  657.0 |
               +--------+--------+--------+--------+--------+-----+--------+

Top non-repeatable levels by time:
     D:1: 836 daAuts
     D:2: 478 daAuts
